 Dungeon Crawl Stone Soup version 0.16.0-18-g484a79e (webtiles) character file.

2983 achirane the Gusty (level 9, 0/57 HPs)
             Began as a Vampire Venom Mage on Mar 22, 2015.
             Was an Elder of Sif Muna.
             Splashed by a jelly's acid (16 damage)
             ... on level 9 of the Dungeon.
             The game lasted 01:33:03 (10955 turns).

achirane the Gusty (Vampire Venom Mage)            Turns: 10955, Time: 01:33:03

Health: 0/57       AC: -5    Str:  2    XL:     9   Next: 53%
Magic:  10/18      EV: 20    Int: 20    God:    Sif Muna [****..]
Gold:   318        SH:  0    Dex: 19    Spells: 3 memorised, 9 levels left

rFire  . . .     SeeInvis +     d - melded +3 dagger
rCold  . . .     Clarity  .     a - melded +0 robe
rNeg   + . .     SustAb   .     (shield currently unavailable)
rPois  .         Gourm    .     (helmet currently unavailable)
rElec  .         Spirit   .     (cloak currently unavailable)
rCorr  .         Warding  .     (gloves currently unavailable)
rMut   .         Stasis   .     (boots currently unavailable)
MR     .....                    (no amulet)
Stlth  +++.......               (ring currently unavailable)
                                (ring currently unavailable)

@: bat-form, corroded equipment, flying, very quick, not resistant to hostile
enchantments, fairly stealthy
A: bottle blood, (fangs 0), see invisible, (unbreathing)
a: End Transformation, Channel Energy, Forget Spell, Renounce Religion


You were on level 9 of the Dungeon.
You worshipped Sif Muna.
Sif Muna was greatly pleased with you.
You were not thirsty.
You were in vampire-bat-form.
You visited 1 branch of the dungeon, and saw 9 of its levels.

You collected 393 gold pieces.
You spent 75 gold pieces at shops.

Inventory:

Hand weapons
 d - a +3 dagger (melded)
 i - a +0 mace
 k - a +0 hunting sling
 z - a +0 blowgun
 B - a +1 war axe of electrocution
 C - a +0 quarterstaff
Missiles
 g - 45 sling bullets
 h - 39 stones (quivered)
 r - 2 javelins
 y - 11 poisoned needles
Armour
 a - a +0 robe (melded)
Jewellery
 I - an uncursed ring of protection from magic {unknown}
Magical devices
 j - a wand of fireball (7)
 F - a wand of heal wounds (7)
 G - a wand of paralysis (11)
Scrolls
 l - a scroll of immolation
 o - 2 scrolls of fear
 p - a scroll of amnesia
 q - 2 scrolls of remove curse
 s - a scroll of fog {unknown}
 u - a scroll of enchant weapon {unknown}
 A - a scroll of magic mapping {unknown}
 D - 3 scrolls of identify
Potions
 c - 13 potions of blood
 e - a potion of mutation {unknown}
 f - 2 potions of curing
 m - a potion of might {unknown}
 n - a potion of invisibility {unknown}
 t - 2 potions of brilliance
 v - 2 potions of berserk rage
 w - a potion of agility {unknown}
 x - 2 potions of flight {unknown}
 E - a potion of heal wounds
 H - a potion of restore abilities {unknown}
Books
 b - a Young Poisoner's Handbook

   Spells                             Type                      Level
   a - Sting                          Conjuration/Poison           1
   b - Cure Poison                    Poison                       2
   c - Mephitic Cloud                 Conjuration/Poison/Air       3
   d - Olgreb's Toxic Radiance        Poison                       4
   e - Venom Bolt                     Conjuration/Poison           5


   Skills:
 - Level 2.1 Dodging
 - Level 3.0 Stealth
 + Level 3.9 Spellcasting
 - Level 6.1 Conjurations
 - Level 6.3 Air Magic
 - Level 6.1 Poison Magic
 - Level 4.8 Evocations


You had 9 spell levels left.
You knew the following spells:

 Your Spells              Type           Power        Failure   Level  Hunger
a - Sting                 Conj/Pois      ####         4%          1    None
b - Cure Poison           Pois           ####......   6%          2    ##.....
c - Mephitic Cloud        Conj/Pois/Air  ####....     12%         3    ###....


Dungeon Overview and Level Annotations

Branches:
Dungeon (9/15)             Temple (0/1) D:7
   Lair: D:8-11         Orc: D:9-12

Altars:
Ashenzari
Fedhas
Kikubaaqudgha
Makhleb
Nemelex Xobeh
Okawaru
Sif Muna
Xom
Zin
The Shining One

Shops:
D:9 !

Annotations:
D:3 JustSomeDude's ghost, weakling DsNe
D:6 Ijyb
D:7 Prince Ribbit; herpmino's ghost, experienced HOCK


Innate Abilities, Weirdness & Mutations

You can bottle blood from corpses.
((You have razor-sharp teeth.))
You have supernaturally acute eyesight.
((You can survive without breathing.))


Message History

The jelly is heavily wounded.
The jelly hits you but does no damage.
You hit the jelly.
The jelly is heavily wounded.
The jelly barely misses you.
You hit the jelly. The acid corrodes your equipment!
The jelly is severely wounded.
The jelly hits you.
You are splashed with acid!
The acid burns!
You hit the jelly.
The jelly is almost dead.
The jelly hits you.
You are splashed with acid!
The acid burns!
You hit the jelly.
The jelly is almost dead.
The jelly hits you.
You are splashed with acid!
The acid burns!
Use which ability? (? or * to list)
You turn into a vampire bat.
Your +3 dagger melds into your body.
Your +0 robe melds into your body.
The jelly hits you.
* * * LOW HITPOINT WARNING * * *
You are splashed with acid!
The acid burns!
You die...

####### ##.....##
#############.......####
.......Jb.......>.......
.###########.8.....8.####
#.......†.##..
#...8.8...)#.#
#............#
#.8.....8.##.#
#....<....##.#
##.......###.#
##.....####<#


You could see a jelly.

Vanquished Creatures
  Joseph (D:8)
  A two-headed ogre (D:9)
  3 yaks (D:9)
  Edmund (D:8)
  2 orc warriors
  A sky beast (D:7)
  2 ogres
  A centaur (D:7)
  A crocodile (D:7)
  Duvessa (D:5)
  4 giant frogs
  A gnoll sergeant (D:6)
  2 scorpions
  Dowan (D:5)
  3 hounds
  4 iguanas
  6 orc wizards
  3 worker ants (D:4)
  A hound skeleton (D:6)
  15 gnolls
  2 giant mites
  4 adders
  3 shadow imps
  2 worms
  An adder skeleton (D:9)
  5 giant geckos
  4 oozes
  12 orcs
  2 ball pythons (D:1)
  A bat skeleton (D:6)
  3 giant cockroaches
  12 goblins
  16 hobgoblins
  7 jackals
  2 quokkas
  14 bats
  2 giant gecko skeletons
  6 giant newts
  4 kobolds
  A quokka skeleton (D:5)
  13 rats
170 creatures vanquished.

Notes
Turn   | Place    | Note
--------------------------------------------------------------
     0 | D:1      | achirane, the Vampire Venom Mage, began the quest for the Orb.
     0 | D:1      | Reached XP level 1. HP: 13/13 MP: 3/3
   322 | D:1      | Reached skill level 4 in Poison Magic
   362 | D:1      | Reached XP level 2. HP: 19/19 MP: 0/4
  1199 | D:1      | Reached XP level 3. HP: 24/24 MP: 6/6
  1279 | D:2      | Found a shimmering altar of Xom.
  1294 | D:2      | Found a shattered altar of Ashenzari.
  1379 | D:2      | Learned a level 2 spell: Cure Poison
  1506 | D:2      | Found an iron altar of Okawaru.
  1532 | D:2      | Found a blossoming altar of Fedhas.
  1573 | D:2      | Found a deep blue altar of Sif Muna.
  1573 | D:2      | You fall through a shaft!
  1646 | D:3      | Noticed JustSomeDude's ghost (weakling DsNe)
  2371 | D:3      | Reached skill level 5 in Poison Magic
  2371 | D:3      | Reached XP level 4. HP: 5/30 MP: 0/7
  2651 | D:2      | Noticed an angel
  2651 | D:2      | Found a glowing silver altar of Zin.
  2890 | D:2      | Found an ancient bone altar of Kikubaaqudgha.
  3042 | D:2      | Became a worshipper of Sif Muna the Loreminder
  3444 | D:4      | Reached XP level 5. HP: 35/35 MP: 5/9
  3451 | D:4      | Learned a level 3 spell: Mephitic Cloud
  3508 | D:4      | Found a glowing golden altar of the Shining One.
  3576 | D:4      | Reached skill level 6 in Poison Magic
  3958 | D:4      | Reached skill level 1 in Conjurations
  4455 | D:4      | Reached XP level 6. HP: 41/41 MP: 4/10
  4550 | D:4      | Found a sparkling altar of Nemelex Xobeh.
  4556 | D:4      | Noticed an ogre
  4605 | D:4      | Killed an ogre
  4605 | D:4      | Acquired Sif Muna's first power
  4699 | D:4      | Found a burning altar of Makhleb.
  4713 | D:5      | Entered Level 5 of the Dungeon
  4809 | D:5      | Noticed Duvessa
  4817 | D:5      | Noticed Dowan
  5512 | D:5      | Reached XP level 7. HP: 46/46 MP: 8/12
  6100 | D:5      | Killed Duvessa
  6356 | D:5      | Killed Dowan
  7050 | D:6      | Acquired Sif Muna's second power
  7050 | D:6      | Reached skill level 5 in Conjurations
  7666 | D:6      | Reached XP level 8. HP: 48/52 MP: 13/13
  8667 | D:6      | Noticed Ijyb
  8726 | D:7      | Noticed Prince Ribbit
  8776 | D:7      | Found a staircase to the Ecumenical Temple.
  8795 | D:7      | Noticed herpmino's ghost (experienced HOCK)
  8996 | D:7      | Reached skill level 1 in Air Magic
  8996 | D:7      | Reached skill level 1 in Evocations
  9729 | D:8      | Noticed Edmund
  9813 | D:8      | Killed Edmund
 10193 | D:8      | Noticed Joseph
 10264 | D:8      | Killed Joseph
 10264 | D:8      | Reached XP level 9. HP: 57/57 MP: 3/16
 10345 | D:9      | Reached skill level 5 in Air Magic
 10393 | D:9      | Found Resik's Distillery.
 10401 | D:9      | Bought a potion of heal wounds for 75 gold pieces
 10685 | D:9      | Acquired Sif Muna's third power
 10955 | D:9      | Splashed by a jelly's acid

Action                   |  1- 3 |  4- 6 |  7- 9 || total
-------------------------+-------+-------+-------++-------
Melee: Unarmed           |    12 |    26 |     6 ||    44
       Mace              |    26 |       |       ||    26
       Dagger            |       |    54 |    68 ||   122
 Fire: Hunting sling     |     4 |    29 |    40 ||    73
Throw: Javelin           |    60 |       |       ||    60
       Stone             |     2 |       |     8 ||    10
 Cast: Sting             |    39 |    74 |   285 ||   398
       Mephitic Cloud    |       |       |     3 ||     3
Invok: Channel Energy    |       |    11 |   131 ||   142
 Abil: Bat Form          |     1 |    35 |    91 ||   127
       End Transformatio |     1 |    35 |    90 ||   126
  Use: Potion            |     3 |     7 |    22 ||    32
       Scroll            |       |     4 |     4 ||     8
 Stab: Sleeping          |     5 |     3 |     2 ||    10
       Distracted        |     1 |       |       ||     1
